TOP OF THE 1ST |
New Jersey Devils batting - Pitching for York Revolution : RHP Alex Florez
|
Pitching: RHP Alex Florez
|
|
Batting: SHB Tyler Maddux
|
0-0: Called Strike 0-1: Ground out 4-3 (Groundball, 4, EV 83.1 MPH)
|
Batting: RHB Oscar Bravo
|
0-0: Ball 1-0: Swinging Strike 1-1: Foul Ball, location: 2F 1-2: Ground out 3-1 (Groundball, 34, EV 90.0 MPH)
|
Batting: RHB Larry Shoop
|
0-0: Ball 1-0: Called Strike 1-1: Ball 2-1: Foul Ball, location: 2F 2-2: Ball 3-2: SINGLE (Groundball, 4MS, EV 68.1 MPH) (infield hit)
|
Batting: LHB Tony Leyba
|
0-0: Ball 1-0: Ball Larry Shoop steals 2nd base 2-0: Swinging Strike 2-1: SINGLE (Line Drive, 6MD, EV 105.6 MPH) Larry Shoop to third Runner from 3rd tries for Home, SAFE, throw by CF to home
|
Batting: LHB Miguel Ramos
|
0-0: Ball 1-0: Swinging Strike 1-1: Ball 2-1: Swinging Strike 2-2: Ground out U3 (Groundball, 3, EV 84.4 MPH)
|
Top of the 1st over - 1 run, 2 hits, 0 errors, 1 left on base; New Jersey 1 - York 0 |
BOTTOM OF THE 1ST |
York Revolution batting - Pitching for New Jersey Devils : LHP Nestor Donato
|
Pitching: LHP Nestor Donato
|
|
Batting: RHB Frank Ramirez
|
0-0: Called Strike 0-1: Called Strike 0-2: Strikes out looking
|
Batting: RHB Victor Arias
|
0-0: Foul Ball, location: 2F 0-1: Ball 1-1: Ball 2-1: SINGLE (Flyball, 89S, EV 93.8 MPH)
|
Batting: SHB Brett St. Clair
|
0-0: Ball 1-0: Called Strike 1-1: Called Strike 1-2: Foul Ball, location: 2F 1-2: Fly out, F9 (Flyball, 9LM, EV 103.1 MPH)
|
Batting: RHB Lee Wright
|
0-0: Fielders Choice at 2nd, 5-4 (Groundball, 56, EV 97.5 MPH)
|
Bottom of the 1st over - 0 runs, 1 hit, 0 errors, 1 left on base; New Jersey 1 - York 0 |
TOP OF THE 2ND |
New Jersey Devils batting - Pitching for York Revolution : RHP Alex Florez
|
Batting: LHB Matt Baker
|
0-0: Called Strike 0-1: Ball 1-1: Ball 2-1: Swinging Strike 2-2: Foul Ball, location: 2F 2-2: Foul Ball, location: 2F 2-2: Strikes out looking
|
Batting: RHB Brian Bonin
|
0-0: Called Strike 0-1: Ball 1-1: Called Strike 1-2: Strikes out swinging passed ball, reaches first!
|
Batting: RHB Chris Graham
|
0-0: 2-RUN HOME RUN (Flyball, 7LD, EV 95.0 MPH), Distance : 339 ft
|
Batting: RHB Michael Youngberry
|
0-0: Ball 1-0: Foul Ball, location: 2F 1-1: Foul Ball, location: 2F 1-2: Strikes out looking
|
Batting: SHB Tyler Maddux
|
0-0: Called Strike 0-1: Ball 1-1: Ball 2-1: SINGLE (Groundball, 6MD, EV 99.4 MPH)
|
Batting: RHB Oscar Bravo
|
0-0: Called Strike 0-1: Foul Ball, location: 2F 0-2: Ball 1-2: Ball 2-2: Strikes out swinging
|
Top of the 2nd over - 2 runs, 2 hits, 0 errors, 1 left on base; New Jersey 3 - York 0 |
BOTTOM OF THE 2ND |
York Revolution batting - Pitching for New Jersey Devils : LHP Nestor Donato
|
Batting: RHB Zach Slot
|
0-0: Called Strike 0-1: Swinging Strike 0-2: Fly out, F3 (Flyball, 3D, EV 90.6 MPH)
|
Batting: RHB Guan-pei Gao
|
0-0: Foul Ball, location: 2F 0-1: Ball 1-1: Called Strike 1-2: Foul Ball, location: 2F 1-2: Foul Ball, location: 2F 1-2: Ball 2-2: Ball 3-2: Strikes out swinging
|
Batting: RHB Joel Gomez
|
0-0: Ball 1-0: Foul Ball, location: 2F 1-1: Foul Ball, location: 2F 1-2: Strikes out swinging
|
Bottom of the 2nd over - 0 runs, 0 hits, 0 errors, 0 left on base; New Jersey 3 - York 0 |
TOP OF THE 3RD |
New Jersey Devils batting - Pitching for York Revolution : RHP Alex Florez
|
Batting: RHB Larry Shoop
|
0-0: Ball 1-0: Foul Ball, location: 2F 1-1: Foul Ball, location: 2F 1-2: Foul Ball, location: 2F 1-2: Ball 2-2: Strikes out looking
|
Batting: LHB Tony Leyba
|
0-0: Fly out, F9 (Flyball, 9, EV 90.0 MPH)
|
Batting: LHB Miguel Ramos
|
0-0: Foul Ball, location: 2F 0-1: Ball 1-1: Foul Ball, location: 2F 1-2: Strikes out swinging
|
Top of the 3rd over - 0 runs, 0 hits, 0 errors, 0 left on base; New Jersey 3 - York 0 |
BOTTOM OF THE 3RD |
York Revolution batting - Pitching for New Jersey Devils : LHP Nestor Donato
|
Batting: RHB Ivan Barrientos
|
0-0: Called Strike 0-1: Ball 1-1: DOUBLE (Line Drive, 8RD, EV 106.2 MPH)
|
Batting: SHB Steve DeRienzo
|
0-0: Called Strike Ivan Barrientos is caught stealing 3rd base 2-5 0-1: Ball 1-1: Foul Ball, location: 2F 1-2: Strikes out swinging
|
Batting: RHB Frank Ramirez
|
0-0: Ball 1-0: Ball 2-0: Foul Ball, location: 2F 2-1: Called Strike 2-2: Strikes out swinging
|
Bottom of the 3rd over - 0 runs, 1 hit, 0 errors, 0 left on base; New Jersey 3 - York 0 |
TOP OF THE 4TH |
New Jersey Devils batting - Pitching for York Revolution : RHP Alex Florez
|
Batting: LHB Matt Baker
|
0-0: Called Strike 0-1: Foul Ball, location: 2F 0-2: Ball 1-2: Ball 2-2: Strikes out swinging
|
Batting: RHB Brian Bonin
|
0-0: Foul Ball, location: 2F 0-1: SINGLE (Flyball, 56D, EV 92.5 MPH)
|
Batting: RHB Chris Graham
|
0-0: Called Strike 0-1: Fly out, F9 (Flyball, 9LM, EV 99.4 MPH)
|
Batting: RHB Michael Youngberry
|
0-0: Ball 1-0: Ball 2-0: Swinging Strike 2-1: Called Strike 2-2: Foul Ball, location: 2F 2-2: Strikes out looking
|
Top of the 4th over - 0 runs, 1 hit, 0 errors, 1 left on base; New Jersey 3 - York 0 |
BOTTOM OF THE 4TH |
York Revolution batting - Pitching for New Jersey Devils : LHP Nestor Donato
|
Batting: RHB Victor Arias
|
0-0: Called Strike 0-1: Foul Ball, location: 2F 0-2: Ball 1-2: SINGLE (Line Drive, 9LS, EV 86.9 MPH)
|
Batting: SHB Brett St. Clair
|
0-0: Foul Ball, location: 2F 0-1: Ball 1-1: Ball 2-1: Swinging Strike 2-2: SINGLE (Groundball, 56D, EV 103.8 MPH) Victor Arias to second
|
Batting: RHB Lee Wright
|
0-0: Ball 1-0: Swinging Strike 1-1: Called Strike 1-2: Foul Ball, location: 2F 1-2: Ball 2-2: Ball 3-2: Grounds into double play, 4-6-3 (Groundball, 34, EV 108.1 MPH) Victor Arias to third
|
Batting: RHB Zach Slot
|
0-0: Fly out, F8 (Flyball, 8RM, EV 78.8 MPH)
|
Bottom of the 4th over - 0 runs, 2 hits, 0 errors, 1 left on base; New Jersey 3 - York 0 |
TOP OF THE 5TH |
New Jersey Devils batting - Pitching for York Revolution : RHP Alex Florez
|
Batting: SHB Tyler Maddux
|
0-0: Ball 1-0: Foul Ball, location: 2F 1-1: Foul Ball, location: 2F 1-2: Ball 2-2: Foul Ball, location: 2F 2-2: Ball 3-2: SINGLE (Flyball, 78S, EV 90.6 MPH)
|
Pitching: RHP Georgs Felitti
|
|
Batting: RHB Oscar Bravo
|
0-0: Ball 1-0: Ball 2-0: Called Strike 2-1: Foul Ball, location: 2F 2-2: Foul Ball, location: 2F 2-2: Ball 3-2: Fly out, F8 (Flyball, 8RD, EV 102.5 MPH)
|
Batting: RHB Larry Shoop
|
0-0: Ball Tyler Maddux steals 2nd, throwing error, E2 Tyler Maddux to third 1-0: Swinging Strike 1-1: Swinging Strike 1-2: Foul Ball, location: 2F 1-2: Ball 2-2: Foul Ball, location: 2F 2-2: SINGLE (Line Drive, 56D, EV 105.0 MPH) Tyler Maddux scores
|
Batting: LHB Tony Leyba
|
0-0: Swinging Strike 0-1: Called Strike 0-2: Ball 1-2: Strikes out swinging
|
Batting: LHB Miguel Ramos
|
0-0: Ball 1-0: Ball Larry Shoop steals 2nd base (no throw) 2-0: Ball 3-0: Called Strike 3-1: Foul Ball, location: 2F 3-2: Ground out U3 (Groundball, 3, EV 108.1 MPH)
|
Top of the 5th over - 1 run, 2 hits, 1 error, 1 left on base; New Jersey 4 - York 0 |
BOTTOM OF THE 5TH |
York Revolution batting - Pitching for New Jersey Devils : LHP Nestor Donato
|
Batting: RHB Guan-pei Gao
|
0-0: Ball 1-0: Foul Ball, location: 2F 1-1: Foul Ball, location: 2F 1-2: Foul Ball, location: 2F 1-2: Foul Ball, location: 2F 1-2: Ball 2-2: Strikes out swinging
|
Batting: RHB Joel Gomez
|
0-0: Ball 1-0: SOLO HOME RUN (Flyball, 9D, EV 93.8 MPH), Distance : 349 ft
|
Batting: RHB Ivan Barrientos
|
0-0: Ball 1-0: Ball 2-0: Ball 3-0: Base on Balls
|
Batting: SHB Steve DeRienzo
|
0-0: Foul Ball, location: 2F 0-1: Ball 1-1: Called Strike Ivan Barrientos steals 2nd, throwing error, E2 Ivan Barrientos to third 1-2: SINGLE (Groundball, 25, EV 63.1 MPH) (infield hit)
|
Batting: RHB Frank Ramirez
|
0-0: Ball 1-0: Ball 2-0: Foul Ball, location: 2F 2-1: Foul Ball, location: 2F 2-2: Foul Ball, location: 2F 2-2: Grounds into double play, 6-4-3 (Groundball, 6, EV 81.9 MPH)
|
Bottom of the 5th over - 1 run, 2 hits, 1 error, 1 left on base; New Jersey 4 - York 1 |
TOP OF THE 6TH |
New Jersey Devils batting - Pitching for York Revolution : RHP Georgs Felitti
|
Batting: LHB Matt Baker
|
0-0: Foul Ball, location: 2F 0-1: Fly out, F9 (Flyball, 9S, EV 88.8 MPH)
|
Batting: RHB Brian Bonin
|
0-0: Called Strike 0-1: Fly out, F7 (Flyball, 7LM, EV 94.4 MPH)
|
Batting: RHB Chris Graham
|
0-0: Called Strike 0-1: Foul Ball, location: 2F 0-2: Foul Ball, location: 2F 0-2: Strikes out swinging
|
Top of the 6th over - 0 runs, 0 hits, 0 errors, 0 left on base; New Jersey 4 - York 1 |
BOTTOM OF THE 6TH |
York Revolution batting - Pitching for New Jersey Devils : LHP Nestor Donato
|
Batting: RHB Victor Arias
|
0-0: Ball 1-0: Called Strike 1-1: Swinging Strike 1-2: Ball 2-2: Ball 3-2: Ground out 5-3 (Groundball, 5, EV 83.8 MPH)
|
Batting: SHB Brett St. Clair
|
0-0: Ground out 6-3 (Groundball, 6, EV 90.6 MPH)
|
Batting: RHB Lee Wright
|
0-0: Called Strike 0-1: Ball 1-1: Ball 2-1: Ball 3-1: Foul Ball, location: 2F 3-2: Fly out, F8 (Flyball, 8LM, EV 91.9 MPH)
|
Bottom of the 6th over - 0 runs, 0 hits, 0 errors, 0 left on base; New Jersey 4 - York 1 |
TOP OF THE 7TH |
New Jersey Devils batting - Pitching for York Revolution : RHP Georgs Felitti
|
Pitching: RHP Francisco Tejada
|
|
Batting: RHB Michael Youngberry
|
0-0: Ground out 4-3 (Groundball, 34, EV 100.6 MPH)
|
Batting: SHB Tyler Maddux
|
0-0: Foul Ball, location: 2F 0-1: Ball 1-1: Ball 2-1: Called Strike 2-2: Ball 3-2: Fly out, F5 (Flyball, 56D, EV 88.8 MPH)
|
Batting: RHB Oscar Bravo
|
0-0: Called Strike 0-1: Swinging Strike 0-2: Strikes out looking
|
Top of the 7th over - 0 runs, 0 hits, 0 errors, 0 left on base; New Jersey 4 - York 1 |
BOTTOM OF THE 7TH |
York Revolution batting - Pitching for New Jersey Devils : LHP Nestor Donato
|
Batting: RHB Zach Slot
|
0-0: Ground out 5-3 (Groundball, 56S, EV 86.9 MPH)
|
Batting: RHB Guan-pei Gao
|
0-0: Foul Ball, location: 2F 0-1: Fly out, F7 (Flyball, 7S, EV 91.9 MPH)
|
Batting: RHB Joel Gomez
|
0-0: Ball 1-0: Ball 2-0: Ball 3-0: Base on Balls
|
Batting: RHB Ivan Barrientos
|
0-0: Foul Ball, location: 2F 0-1: SINGLE (Line Drive, 89S, EV 98.8 MPH) Joel Gomez to second Runner from 2nd tries for 3rd, SAFE, throw by RF made to third
|
Batting: SHB Steve DeRienzo
|
0-0: Fly out, F8 (Flyball, 8RD, EV 98.8 MPH)
|
Bottom of the 7th over - 0 runs, 1 hit, 0 errors, 2 left on base; New Jersey 4 - York 1 |
TOP OF THE 8TH |
New Jersey Devils batting - Pitching for York Revolution : RHP Francisco Tejada
|
Batting: RHB Larry Shoop
|
0-0: Swinging Strike 0-1: Called Strike 0-2: Ball 1-2: Strikes out swinging
|
Batting: LHB Tony Leyba
|
0-0: Ball 1-0: Foul Ball, location: 2F 1-1: Called Strike 1-2: Foul Ball, location: 2F 1-2: Ball 2-2: Ground out 1-3 (Groundball, P, EV 75.0 MPH)
|
Batting: LHB Miguel Ramos
|
0-0: Swinging Strike 0-1: SINGLE (Line Drive, 6D, EV 96.9 MPH)
|
Batting: LHB Matt Baker
|
0-0: Fly out, F8 (Flyball, 78S, EV 95.0 MPH)
|
Top of the 8th over - 0 runs, 1 hit, 0 errors, 1 left on base; New Jersey 4 - York 1 |
BOTTOM OF THE 8TH |
York Revolution batting - Pitching for New Jersey Devils : LHP Nestor Donato
|
Batting: RHB Frank Ramirez
|
0-0: Called Strike 0-1: Ball 1-1: Fly out, F9 (Line Drive, 9, EV 97.5 MPH)
|
Batting: RHB Victor Arias
|
0-0: SINGLE (Groundball, 6MD, EV 96.9 MPH)
|
Pitching: LHP Jesus Espitia
|
|
Batting: SHB Brett St. Clair
|
0-0: Ball 1-0: Fielders Choice at 2nd, 4-6 (Groundball, 4, EV 83.1 MPH)
|
Batting: RHB Lee Wright
|
0-0: Fielders Choice at 2nd, 5-4 (Groundball, 56, EV 103.8 MPH)
|
Bottom of the 8th over - 0 runs, 1 hit, 0 errors, 1 left on base; New Jersey 4 - York 1 |
TOP OF THE 9TH |
New Jersey Devils batting - Pitching for York Revolution : RHP Francisco Tejada
|
Pitching: LHP Hiroshi Mukae
|
|
Batting: RHB Brian Bonin
|
0-0: Foul Ball, location: 2F 0-1: Ball 1-1: Foul Ball, location: 2F 1-2: Ball 2-2: Strikes out swinging
|
Batting: RHB Chris Graham
|
0-0: Ball 1-0: Called Strike 1-1: Swinging Strike 1-2: Foul Ball, location: 2F 1-2: Ball 2-2: Ball 3-2: Strikes out swinging
|
Batting: RHB Michael Youngberry
|
0-0: Fly out, F8 (Flyball, 8RM, EV 97.5 MPH)
|
Top of the 9th over - 0 runs, 0 hits, 0 errors, 0 left on base; New Jersey 4 - York 1 |
BOTTOM OF THE 9TH |
York Revolution batting - Pitching for New Jersey Devils : LHP Jesus Espitia
|
Batting: RHB Zach Slot
|
0-0: Called Strike 0-1: Foul Ball, location: 2F 0-2: Strikes out swinging
|
Batting: RHB Guan-pei Gao
|
0-0: Ball 1-0: Called Strike 1-1: Foul Ball, location: 2F 1-2: Foul Ball, location: 2F 1-2: Foul Ball, location: 2F 1-2: Strikes out swinging
|
Batting: RHB Joel Gomez
|
0-0: Called Strike 0-1: Swinging Strike 0-2: Ground out 5-3 (Groundball, 56, EV 106.2 MPH)
|
Bottom of the 9th over - 0 runs, 0 hits, 0 errors, 0 left on base; New Jersey 4 - York 1 |
|